 Dungeon Crawl Stone Soup version 0.29-a0-321-gf1c400731a (webtiles) character file.

Game seed: 14607736244556014094

1066 rabbitsville the Cleaver (level 8, 0/106 HPs)
             Began as a Hill Orc Monk on Apr 4, 2022.
             Was a Believer of Beogh.
             Succumbed to a killer bee's poison
             ... on level 5 of the Dungeon.
             The game lasted 00:23:44 (6031 turns).

rabbitsville the Cleaver (Hill Orc Monk)            Turns: 6031, Time: 00:23:45

Health: 0/106      AC: 24    Str: 15 (16) XL:     8   Next: 28%
Magic:  9/9        EV:  2    Int:  9 (10) God:    Beogh [**....]
Gold:   215        SH:  0    Dex: 16 (19) Spells: 7/7 levels left

rFire   . . .      SeeInvis .   a - +0 war axe
rCold   . . .      Faith    .   (no shield)
rNeg    . . .      Spirit   .   (body armour currently unavailable)
rPois   +          Reflect  .   (helmet currently unavailable)
rElec   .          Harm     .   (cloak currently unavailable)
rCorr   .          Rampage  .   (gloves currently unavailable)
Will    .....      NoTele   +   (boots currently unavailable)
Stlth   ++........              n - amulet of the acrobat
HPRegen 0.27/turn               o - +6 ring of dexterity
MPRegen 0.11/turn               (no ring)

@: lethally poisoned (0 -> -8), tree-form, attractive
A: stationary, stasis, torment immunity, boosted hp
a: Renounce Religion, Smiting


You were on level 5 of the Dungeon.
You worshipped Beogh.
Beogh was pleased with you.
You were a tree.
You visited 1 branch of the dungeon, and saw 5 of its levels.
You also visited: Sewer.

You collected 257 gold pieces.
You spent 42 gold pieces at shops.

Inventory:

Hand Weapons
 a - a +0 war axe (weapon)
 b - a +0 hunting sling
 l - a +0 hand axe
 r - a +4 dire flail of protection
Missiles
 j - 2 throwing nets (quivered)
Armour
 e - a +0 robe of fire resistance (melded)
 m - a +1 robe
 B - a +0 pair of gloves (melded)
 C - a +0 pair of boots (melded)
Jewellery
 n - an amulet of the acrobat (around neck)
 o - a +6 ring of dexterity (left branch)
Scrolls
 c - a scroll of summoning {unknown}
 f - 3 scrolls of teleportation
 g - 6 scrolls of identify
 h - a scroll of enchant armour
 i - a scroll of fear {unknown}
 k - a scroll of holy word {unknown}
 s - a scroll of torment {unknown}
 t - a scroll of immolation {unknown}
 x - a scroll of fog {unknown}
 y - a scroll of enchant weapon {unknown}
Potions
 q - a potion of attraction


   Skills:
 + Level 6.7 Fighting
 + Level 8.6 Axes
 * Level 4.7 Slings
 - Level 2.4 Dodging
 - Level 1.5 Stealth
 - Level 0.6 Shields
 - Level 1.6 Invocations


You had 7 spell levels left.
You didn't know any spells.
Your spell library was empty.

Dungeon Overview and Level Annotations

Branches:
Dungeon (5/15)              Sewer (visited)
 Temple: D:4-7

Altars:
Elyvilon
Nemelex Xobeh
Uskayaw
Xom

Shops:
D:3 (!:


Message History

The killer bee poisons you!
The killer bee stings you but does no damage.
The killer bee stings you.
* * * LOW HITPOINT WARNING * * *
You slash the killer bee!
You kill the killer bee!
Beogh accepts your kill.
You miss the killer bee.
You feel very sick. The killer bee stings you.
* * * LOW HITPOINT WARNING * * *
The killer bee stings you.
* * * LOW HITPOINT WARNING * * *
It was a potion of degeneration.
There was something very wrong with that liquid.
You feel weakened.
You feel dopey.
You feel clumsy.
You feel sick. The killer bee closely misses you. x2
It was a potion of lignification.
You turn into a tree.
Your +0 pair of gloves melds into your body.
Your +0 pair of boots melds into your body.
Your +0 robe of fire resistance melds into your body.
You feel less resistant to fire.
Your roots penetrate the ground.
You feel strangely stable.
You feel sick. The killer bee stings you.
* * * LOW HITPOINT WARNING * * *
You are lethally poisoned!
The killer bee poisons you! The killer bee stings you.
* * * LOW HITPOINT WARNING * * *
It was a potion of magic.
Magic courses through your body.
* * * LOW HITPOINT WARNING * * *
You feel very sick.
The killer bee stings you but does no damage. x2
It was a potion of flight.
Your roots keep you in place.
* * * LOW HITPOINT WARNING * * *
You feel sick.
The killer bee stings you but does no damage. x2
Okay, then.
As you read the scroll labelled VAIPNA VO DOUM, it crumbles to dust.
It is a scroll of enchant armour.
Your +0 robe glows green for a moment.
You die...

#.........# #.# #.#
#.........# #.# #†#
#.# #.........# #.#
#.# #.# #.........#
#.# #.# #.#
########'#'## #.#
#l# #.#
.......#.#.# #.#
#y# #.#
########.#.# #.#
#.# #.#
.....>...#.#
#†###.# #.#
########.#.#
#♣yl.^# #.# ###.#
####### #.# #.# #.#
#.# #.# #.# #.#
#.###############.#
#.†...............#
###################


You could see an iguana and a killer bee.

Vanquished Creatures
  A water moccasin (D:5)
  A centaur (D:5)
  A phantom (D:4)
  2 bullfrogs (Sewer)
  2 scorpions (D:4)
  3 killer bees (D:5)
  4 crimson imps (D:3)
  A hound (D:4)
  An orc priest (D:4)
  2 iguanas
  Jessica (D:3)
  An orc wizard (D:4)
  3 gnolls (D:5)
  3 adders
  An ufetubus (D:5)
  2 dart slugs (D:1)
  7 orcs (D:4)
  7 bats
  9 endoplasms
  15 giant cockroaches
  8 hobgoblins
  8 quokkas
  4 ball pythons
  10 frilled lizards
  4 goblins
  4 kobolds
  3 rats
108 creatures vanquished.

Vanquished Creatures (others)
  2 orc priests (D:4)
  A worm (D:4)
  4 orcs (D:4)
  A giant cockroach (D:4)
  A hobgoblin (D:4)
  A quokka (D:4)
10 creatures vanquished.

Grand Total: 118 creatures vanquished

Notes
Turn   | Place    | Note
-------+----------+-------------------------------------------
     0 | D:1      | rabbitsville the Hill Orc Monk began the quest for the Orb.
     0 | D:1      | Reached XP level 1. HP: 19/19 MP: 1/1
   342 | D:1      | Reached XP level 2. HP: 17/27 MP: 2/2
   481 | D:1      | Reached skill level 1 in Invocations
   926 | D:1      | Reached XP level 3. HP: 33/33 MP: 4/4
  1187 | D:2      | Reached skill level 5 in Axes
  1509 | D:2      | Found a faded altar of an unknown god.
  2028 | D:3      | Found a shimmering altar of Xom.
  2098 | D:3      | Found Laecimic's Weapon Shoppe.
  2132 | D:3      | Bought a +0 war axe for 42 gold pieces
  2140 | D:3      | Found a glowing drain.
  2163 | D:3      | Reached XP level 4. HP: 25/40 MP: 5/5
  2177 | Sewer    | Entered a sewer
  2634 | Sewer    | Noticed a bullfrog
  2651 | Sewer    | Killed a bullfrog
  2652 | Sewer    | Reached skill level 6 in Axes
  2652 | Sewer    | Reached skill level 1 in Slings
  2652 | Sewer    | Reached XP level 5. HP: 10/47 MP: 6/6
  2911 | Sewer    | Reached skill level 5 in Fighting
  2998 | D:3      | Reached XP level 6. HP: 36/56 MP: 7/7
  3073 | D:3      | Reached skill level 7 in Axes
  3426 | D:3      | Noticed a +0 spear
  3426 | D:3      | Noticed a +0 dagger
  3427 | D:3      | Noticed a +0 dagger
  3428 | D:3      | Noticed a +0 short sword
  3428 | D:3      | Noticed a +0 falchion
  3428 | D:3      | Noticed a +0 falchion
  3429 | D:3      | Noticed a +0 spear
  3429 | D:3      | Noticed a +0 short sword
  3435 | D:3      | Found a hide-covered altar of Uskayaw.
  3530 | D:3      | Found Gegant's Distillery.
  3555 | D:3      | Found Zaticown's Book Shop.
  3572 | D:3      | Noticed Jessica
  3574 | D:3      | Killed Jessica
  3658 | D:4      | Became a worshipper of Beogh the Brigand
  3658 | D:4      | Reached * piety under Beogh
  3658 | D:4      | Reached ** piety under Beogh
  3709 | D:4      | Found a white marble altar of Elyvilon.
  3772 | D:4      | Reached XP level 7. HP: 61/61 MP: 8/8
  3776 | D:4      | Found Tycidgha's General Store.
  4350 | D:4      | Reached skill level 8 in Axes
  4795 | D:4      | Found a sparkling altar of Nemelex Xobeh.
  4965 | D:5      | Entered Level 5 of the Dungeon
  5732 | D:5      | Reached XP level 8. HP: 37/71 MP: 9/9
  6029 | D:5      | HP: 4/106 [poisoned by a killer bee]
  6031 | D:5      | Succumbed to a killer bee's poison

Illustrated notes

Levels and vault maps discovered:
D:1:      minmay_arrival_solitary_statue, layout_loops_cross,
          minmay_crystal_water, minmay_misc_feat_plants
D:2:      layout_basic, shapermc_ecumenical_altar_venn, interstate_on_off,
          nicolae_elevator_lobby_asterisk
D:3:      layout_rooms, nicolae_uskayaw_en_pointe, led_xom_imps,
          portal_sewer_entry_f, serial_shops, nicolae_lakefront_shop,
          nicolae_shop_advertising_works [nicolae_subvault_shop_adworks], shop,
          minivault_26, uniq_jessica
D:4:      layout_cave_pools, elyvilon_altar_5, nemelex_dance_club_becter,
          serial_shops, nicolae_shop_temple_entry_statues_fountains,
          kennysheep_generic_room_12
D:5:      layout_basic

Skill      XL: |  1  2  3  4  5  6  7 |
---------------+----------------------+-----
Invocations    | 1 |  1.6
Fighting       | 4 5 6 |  6.7
Axes           | 5 6 7 8 |  8.6
Slings         | 1 2 4 |  4.7
Dodging        | |  2.4
Stealth        | |  1.5
Shields        | |  0.6

Action                   |  1- 3 |  4- 6 |  7- 9 || total
-------------------------+-------+-------+-------++-------
Melee: Hand axe          |   111 |       |       ||   111
       Punch             |     2 |       |     1 ||     3
       War axe           |    18 |    79 |   107 ||   204
 Fire: Hunting sling     |       |    79 |    27 ||   106
Invok: Convert to Beogh  |       |     1 |       ||     1
  Use: Potion            |     1 |     1 |    11 ||    13
       Scroll            |     1 |       |     4 ||     5
 Stab: Sleeping          |     5 |       |     1 ||     6
Armor: Robe              |    35 |     5 |    14 ||    54
       Skin              |       |       |     4 ||     4
Dodge: Dodged            |    88 |    56 |   110 ||   254

Table legend: (Time is in decaauts)
 A = Elapsed time spent in this place.
 B = Non-inter-level travel time spent in this place.
 C = Inter-level travel time spent in this place.
 D = Time resting spent in this place.
 E = Time spent auto-exploring this place.
 F = Levels seen in this place.
 G = Mean time per level.
                   A        B        C        D        E       F      G
               +--------+--------+--------+--------+--------+-----+--------+
         Total |   6141 |   6101 |     40 |   1315 |   3045 |   6 | 1023.5 |
       Dungeon |   5312 |   5272 |     40 |    981 |   2799 |   5 | 1062.4 |
         Sewer |    828 |    828 |      0 |    334 |    245 |   1 |  828.0 |
               +--------+--------+--------+--------+--------+-----+--------+

Top non-repeatable levels by time:
     D:4: 1318 daAuts
     D:1: 1075 daAuts
     D:5: 1069 daAuts
     D:2: 961 daAuts
     D:3: 888 daAuts
   Sewer: 828 daAuts
